Canucks vs Flames

Created - October-25-12 at 18:10

Goals
1 2 3 T
Canucks 3 1 0 4
Flames 3 2 0 5
Shots
1 2 3 T
Canucks 8 1 6 15
Flames 11 10 12 33

1st period

1. Canucks , Maxime Talbot 3 (Brooks Laich, Ryan OReilly) at 2:08
2. Flames , Ryan Kesler 5 (Jack Johnson, Michael Ryder) at 9:37 (PP)
3. Flames , Jack Johnson 1 (Shawn Horcoff, Mikael Samuelsson) at 10:59 (PP)
4. Canucks , Loui Eriksson 6 (Mikko Koivu, Corey Perry) at 12:27
5. Flames , Shawn Horcoff 3 (Toni Lydman) at 19:07 (PP)
6. Canucks , Matt Carle 1 (Valtteri Filppula, Erik Karlsson) at 19:17

Penalties :
Dmitry Kulikov (VAN) for Interference (Minor) at 9:00, Phil Kessel (VAN) for Hooking (Minor) at 10:35, Erik Johnson (CGY) for Holding (Minor) at 14:19, Radek Martinek (VAN) for Holding (Minor) at 18:51

2nd period

7. Flames , Tomas Kopecky 2 (Bryce Salvador, Andrew MacDonald) at 6:27 (PP)
8. Flames , Michael Ryder 1 (Jack Johnson, Ryan Kesler) at 8:12
9. Canucks , Henrik Zetterberg 2 (Erik Karlsson, Phil Kessel) at 19:05

Penalties :
Alex Pietrangelo (VAN) for Unsportsmanlike conduct (Major / Game Misconduct) at 1:35, Dmitry Kulikov (VAN) for Roughing (Double Minor) at 10:17, Dustin Brown (CGY) for Hooking (Minor) at 15:13

3rd period

No Goal

Penalties :
Dmitry Kulikov (VAN) for High sticking (Minor) at 6:17, Jack Johnson (CGY) for Tripping (Minor) at 9:33, David Jones (CGY) for Interference (Minor) at 13:00

Goalie Stats

Mike Murphy (VAN), 17 saves from 17 shots - (1.000), 30:50 minutes
Henrik Lundqvist (VAN), 11 saves from 16 shots - (0.688), L, 7-2-0, 28:12 minutes
Miikka Kiprusoff (CGY), 11 saves from 15 shots - (0.733), W, 2-3-2, 60:00 minutes

Players Stats for Canucks

Player Name              G  A  P  +/- PIM S  H  SB GA TA FO     MP     PP MP  PK MP  
------------------------------------------------------------------------------------
Alex Pietrangelo         0  0  0   0  15  0  1  0  0  0  0/0     8:33   0:43   0:55 
Brandon Sutter           0  0  0   0  0   1  0  0  0  0  7/10    8:00   0:00   4:53 
Brooks Laich             0  1  1   1  0   0  1  0  0  0  14/25  18:38   1:27   6:20 
Corey Perry              0  1  1   0  0   0  0  2  0  0  0/0    20:00   3:25   1:47 
Dmitry Kulikov           0  0  0  -1  8   0  3  0  0  0  0/0    16:59   2:57   1:50 
Erik Karlsson            0  2  2   2  0   0  0  1  0  0  0/0    22:12   4:51   5:08 
Henrik Zetterberg        1  0  1   2  0   2  0  0  0  0  10/18  15:28   3:49   0:00 
Kris Russell             0  0  0   0  0   0  0  2  0  0  0/0    10:01   0:42   1:30 
Loui Eriksson            1  0  1   0  0   1  1  0  0  0  1/2    18:41   3:04   0:49 
Marco Scandella          0  0  0   1  0   1  1  3  0  0  0/0    21:39   2:47   6:32 
Matt Carle               1  0  1   2  0   4  0  3  0  0  0/0    22:55   3:52   3:59 
Maxime Talbot            1  0  1   1  0   1  3  0  0  0  0/1    16:25   0:00   5:34 
Mikko Koivu              0  1  1   0  0   1  3  0  0  0  6/12   17:38   3:25   0:00 
Nick Foligno             0  0  0   0  0   1  0  0  0  0  0/0     3:07   0:00   0:00 
Phil Kessel              0  1  1   2  2   1  0  0  0  0  0/0    17:59   3:49   0:00 
Radek Martinek           0  0  0   2  2   0  1  1  0  0  0/0    17:36   0:00   4:34 
Ryan OReilly             0  1  1   1  0   1  0  0  0  0  1/1    16:38   0:42   5:05 
Valtteri Filppula        0  1  1   2  0   1  1  0  0  0  1/1    15:11   4:07   0:00 

Players Stats for Flames

Player Name              G  A  P  +/- PIM S  H  SB GA TA FO     MP     PP MP  PK MP  
------------------------------------------------------------------------------------
Andrew MacDonald         0  1  1  -1  0   1  2  0  0  0  0/0    11:15   0:47   0:41 
Bryce Salvador           0  1  1  -2  0   3  4  2  0  0  0/0    24:00   5:39   4:21 
Cody Hodgson             0  0  0  -1  0   0  0  0  0  0  0/4     3:33   0:52   1:16 
Dan Boyle                0  0  0  -2  0   2  0  2  0  0  0/0    24:36   6:15   4:21 
David Jones              0  0  0  -2  2   0  1  0  0  0  2/2    13:11   1:23   0:00 
Dustin Brown             0  0  0   0  2   5  8  1  0  0  2/5    26:00   5:57   4:14 
Erik Johnson             0  0  0  -1  2   0  0  0  0  0  0/0    11:09   1:23   0:00 
Jack Johnson             1  2  3   1  2   3  2  0  0  0  0/0    19:39   5:12   2:48 
Jake Gardiner            0  0  0  -1  0   0  0  0  0  0  0/0     4:29   0:00   0:06 
Jakub Kindl              0  0  0  -1  0   1  1  1  0  0  0/0     4:23   0:00   0:00 
Michael Grabner          0  0  0  -2  0   0  0  0  0  0  0/1    12:31   0:00   0:42 
Michael Ryder            1  1  2   1  0   5  0  0  0  0  0/1    22:03   5:55   1:43 
Mikael Samuelsson        0  1  1  -1  0   0  1  0  0  0  0/0    18:37   4:43   1:43 
Pierre-Marc Bouchard     0  0  0  -2  0   1  0  0  0  0  4/11   13:57   2:07   0:01 
Ryan Kesler              1  1  2   0  0   5  1  0  0  0  11/25  26:59   5:57   5:12 
Shawn Horcoff            1  1  2  -1  0   3  0  0  0  0  9/19   18:06   4:54   1:01 
Tomas Kopecky            1  0  1  -1  0   4  1  0  0  0  2/2    17:05   4:54   0:00 
Toni Lydman              0  1  1   1  0   0  5  1  0  0  0/0    20:27   5:12   3:35 

3 Stars

1 - Jack Johnson (CGY)
2 - Michael Ryder (CGY)
3 - Matt Carle (VAN)

Power Play

Canucks - 0 on 4 Attempt(s) - 0.00%
Flames - 4 on 7 Attempt(s) - 57.14%

Penalty Kill

Canucks - 3 on 7 Attempt(s) - 42.86% - Score 0 goal in Penalty Kill
Flames - 4 on 4 Attempt(s) - 100.00% - Score 0 goal in Penalty Kill

Official

Referees : Rob Martell and Brad Meier
Linesman : Darren Gibbs and Derek Nansen

Game Notes

Alex Pietrangelo ejected from game at 1:35 of 2nd period
Mike Murphy enters game at 8:12 of 2nd period

Finance

Level 1 -- Attendance: 3436 (52.86%) -- Ticket Income $566,940
Level 2 -- Attendance: 2727 (54.54%) -- Ticket Income $340,875
Level 3 -- Attendance: 1823 (52.09%) -- Ticket Income $145,840
Level 4 -- Attendance: 1880 (57.16%) -- Ticket Income $94,000
Luxury Box -- Attendance: 409 (40.90%) -- Ticket Income $204,500
Game was played at the ScotiaBank Saddledome
Total Attendance: 10275 (53.27%)
Total Ticket Income: $1,352,155
Other Income: $202,823
Total Income: $1,554,978


% Time on Ice - Canucks

Lines # - Real PCT - Wanted PCT - Time Play
Normal Forward
1 - 36% - 37% - 14:13
2 - 28% - 31% - 11:04
3 - 28% - 24% - 10:51
4 - 8% - 8% - 3:07
Normal Defense
1 - 30% - 33% - 11:38
2 - 31% - 31% - 12:15
3 - 19% - 28% - 7:33
4 - 20% - 8% - 7:49
PP Forward
1 - 48% - 54% - 3:49
2 - 52% - 46% - 4:07
PP Defense
1 - 77% - 55% - 6:08
2 - 23% - 45% - 1:48
PK Forward
1 - 60% - 60% - 7:21
2 - 40% - 40% - 4:53
PK Defense
1 - 64% - 60% - 7:51
2 - 36% - 40% - 4:23
PK3 Forward
1 - 0% - 54%
2 - 0% - 46%
PK3 Defense
1 - 0% - 55%
2 - 0% - 45%
44 Forward
1 - 0% - 56%
2 - 0% - 44%
44 Defense
1 - 0% - 60%
2 - 0% - 40%
Last Minute Offensive  - 0:35
Last Minute Defensive  - 0:00
Total
Forward - 60:00
Defense - 60:00

% Time on Ice - Flames

Lines # - Real PCT - Wanted PCT - Time Play
Normal Forward
1 - 35% - 40% - 13:50
2 - 31% - 30% - 12:11
3 - 30% - 20% - 11:49
4 - 4% - 10% - 1:25
Normal Defense
1 - 34% - 40% - 13:25
2 - 30% - 30% - 11:40
3 - 25% - 20% - 9:47
4 - 11% - 10% - 4:23
PP Forward
1 - 56% - 60% - 6:49
2 - 44% - 40% - 5:25
PP Defense
1 - 57% - 60% - 7:02
2 - 43% - 40% - 5:12
PK Forward
1 - 78% - 60% - 6:13
2 - 22% - 40% - 1:43
PK Defense
1 - 55% - 60% - 4:21
2 - 45% - 40% - 3:35
PK3 Forward
1 - 0% - 60%
2 - 0% - 40%
PK3 Defense
1 - 0% - 60%
2 - 0% - 40%
44 Forward
1 - 0% - 60%
2 - 0% - 40%
44 Defense
1 - 0% - 60%
2 - 0% - 40%
Last Minute Offensive  - 0:00
Last Minute Defensive  - 0:35
Total
Forward - 60:00
Defense - 60:00

Play by Play

1st period


0:01 of 1st period - Ryan Kesler wins face-off versus Mikko Koivu in neutral zone.
0:01 of 1st period - Dustin Brown is hit by Mikko Koivu and loses puck.
1:27 of 1st period - Shot by Henrik Zetterberg.
1:27 of 1st period - Stopped by Miikka Kiprusoff without a rebound.
1:28 of 1st period - David Jones wins face-off versus Brooks Laich in Flames zone.
1:30 of 1st period - Icing by Erik Johnson.
1:31 of 1st period - Pierre-Marc Bouchard wins face-off versus Brooks Laich in Flames zone.
1:31 of 1st period - Pierre-Marc Bouchard is hit by Maxime Talbot.
1:38 of 1st period - Icing by Andrew MacDonald.
1:39 of 1st period - Pierre-Marc Bouchard wins face-off versus Brooks Laich in Flames zone.
1:51 of 1st period - Icing by Radek Martinek.
1:52 of 1st period - Brooks Laich wins face-off versus Cody Hodgson in Canucks zone.
1:52 of 1st period - Brooks Laich is hit by Dustin Brown.
2:04 of 1st period - Shot by Ryan OReilly.
2:04 of 1st period - Shot Misses the Net.
2:06 of 1st period - Shot by Brooks Laich.
2:06 of 1st period - Shot Blocked by Jakub Kindl.
2:08 of 1st period - Shot by Maxime Talbot.
2:08 of 1st period - Goal by Maxime Talbot - Canucks : 1 - Flames : 0.
2:09 of 1st period - Shawn Horcoff wins face-off versus Brandon Sutter in neutral zone.
2:11 of 1st period - Off-side.
2:12 of 1st period - Brandon Sutter wins face-off versus Shawn Horcoff in neutral zone.
2:51 of 1st period - Icing by Alex Pietrangelo.
2:52 of 1st period - Brandon Sutter wins face-off versus Michael Grabner in Canucks zone.
4:25 of 1st period - Shot by Michael Ryder.
4:25 of 1st period - Deflect By Dustin Brown.
4:25 of 1st period - Shot Blocked by Matt Carle.
4:27 of 1st period - Shot by Dustin Brown.
4:27 of 1st period - Shot Misses the Net.
4:29 of 1st period - Shot by Dustin Brown.
4:29 of 1st period - Shot Misses the Net.
4:31 of 1st period - Shot by Bryce Salvador.
4:31 of 1st period - Shot Misses the Net.
4:40 of 1st period - Ryan OReilly is hit by Bryce Salvador.
5:36 of 1st period - Phil Kessel is hit by Toni Lydman and loses puck.
5:52 of 1st period - Mikko Koivu is hit by Toni Lydman and loses puck.
6:02 of 1st period - Mikko Koivu is hit by Toni Lydman and loses puck.
6:08 of 1st period - Mikko Koivu is hit by Jack Johnson and loses puck.
6:25 of 1st period - Mikael Samuelsson is hit by Mikko Koivu and loses puck.
7:02 of 1st period - Shot by Ryan OReilly.
7:02 of 1st period - Stopped by Miikka Kiprusoff without a rebound.
7:03 of 1st period - Brandon Sutter wins face-off versus Cody Hodgson in Flames zone.
7:03 of 1st period - Brandon Sutter is hit by Andrew MacDonald.
7:21 of 1st period - Shot by Brandon Sutter.
7:21 of 1st period - Stopped by Miikka Kiprusoff without a rebound.
7:22 of 1st period - Pierre-Marc Bouchard wins face-off versus Henrik Zetterberg in Flames zone.
7:47 of 1st period - Bryce Salvador is hit by Valtteri Filppula and loses puck.
8:25 of 1st period - Shot by Ryan Kesler.
8:25 of 1st period - Stopped by Henrik Lundqvist without a rebound.
8:26 of 1st period - Mikko Koivu wins face-off versus Cody Hodgson in Canucks zone.
8:26 of 1st period - Mikko Koivu is hit by Dustin Brown.
8:33 of 1st period - Corey Perry is hit by Andrew MacDonald and loses puck.
8:54 of 1st period - Dustin Brown is hit by Dmitry Kulikov and loses puck.
9:00 of 1st period - Minor Penalty to Dmitry Kulikov for Interference.
9:01 of 1st period - Brooks Laich wins face-off versus Shawn Horcoff in Canucks zone.
9:10 of 1st period - Shot by Dan Boyle.
9:10 of 1st period - Stopped by Henrik Lundqvist without a rebound.
9:11 of 1st period - Brooks Laich wins face-off versus Shawn Horcoff in Canucks zone.
9:16 of 1st period - Tomas Kopecky is hit by Maxime Talbot and loses puck.
9:23 of 1st period - Shot by Dan Boyle.
9:23 of 1st period - Shot Misses the Net.
9:25 of 1st period - Shot by Tomas Kopecky.
9:25 of 1st period - Stopped by Henrik Lundqvist without a rebound.
9:26 of 1st period - Ryan Kesler wins face-off versus Brooks Laich in Canucks zone.
9:33 of 1st period - Shot by Michael Ryder.
9:33 of 1st period - Shot Misses the Net.
9:35 of 1st period - Shot by Jack Johnson.
9:35 of 1st period - Stopped by Henrik Lundqvist with a rebound.
9:37 of 1st period - Shot by Ryan Kesler.
9:37 of 1st period - Goal by Ryan Kesler - Canucks : 1 - Flames : 1.
9:38 of 1st period - Loui Eriksson wins face-off versus Shawn Horcoff in neutral zone.
9:44 of 1st period - Off-side.
9:45 of 1st period - Ryan Kesler wins face-off versus Henrik Zetterberg in neutral zone.
10:09 of 1st period - Michael Ryder is hit by Dmitry Kulikov and loses puck.
10:35 of 1st period - Minor Penalty to Phil Kessel for Hooking.
10:36 of 1st period - Brooks Laich wins face-off versus Shawn Horcoff in Canucks zone.
10:59 of 1st period - Shot by Jack Johnson.
10:59 of 1st period - Goal by Jack Johnson - Canucks : 1 - Flames : 2.
11:00 of 1st period - Mikko Koivu wins face-off versus Pierre-Marc Bouchard in neutral zone.
11:00 of 1st period - Mikko Koivu is hit by David Jones.
11:27 of 1st period - Shot by Michael Grabner.
11:27 of 1st period - Shot Misses the Net.
11:29 of 1st period - Shot by Michael Grabner.
11:29 of 1st period - Shot Blocked by Marco Scandella.
11:31 of 1st period - Shot by David Jones.
11:31 of 1st period - Shot Blocked by Marco Scandella.
11:33 of 1st period - Shot by Jakub Kindl.
11:33 of 1st period - Stopped by Henrik Lundqvist without a rebound.
11:34 of 1st period - Ryan OReilly wins face-off versus Ryan Kesler in Canucks zone.
11:38 of 1st period - Off-side.
11:39 of 1st period - Ryan Kesler wins face-off versus Brooks Laich in neutral zone.
11:39 of 1st period - Dustin Brown is hit by Brooks Laich.
11:51 of 1st period - Jack Johnson is hit by Maxime Talbot.
12:11 of 1st period - Shot by Ryan Kesler.
12:11 of 1st period - Stopped by Henrik Lundqvist with a rebound.
12:17 of 1st period - Shot by Ryan Kesler.
12:17 of 1st period - Stopped by Henrik Lundqvist without a rebound.
12:18 of 1st period - Shawn Horcoff wins face-off versus Mikko Koivu in Canucks zone.
12:27 of 1st period - Shot by Mikko Koivu.
12:27 of 1st period - Deflect By Loui Eriksson.
12:27 of 1st period - Goal by Loui Eriksson - Canucks : 2 - Flames : 2.
12:28 of 1st period - Shawn Horcoff wins face-off versus Mikko Koivu in neutral zone.
12:58 of 1st period - Shawn Horcoff is hit by Alex Pietrangelo and loses puck.
13:48 of 1st period - Shot by Dustin Brown.
13:48 of 1st period - Stopped by Henrik Lundqvist without a rebound.
13:49 of 1st period - Henrik Zetterberg wins face-off versus Pierre-Marc Bouchard in Canucks zone.
14:19 of 1st period - Minor Penalty to Erik Johnson for Holding.
14:20 of 1st period - Henrik Zetterberg wins face-off versus Dustin Brown in Flames zone.
15:17 of 1st period - Shot by Matt Carle.
15:17 of 1st period - Shot Misses the Net.
15:47 of 1st period - Shot by Matt Carle.
15:47 of 1st period - Stopped by Miikka Kiprusoff with a rebound.
15:49 of 1st period - Shot by Erik Karlsson.
15:49 of 1st period - Shot Misses the Net.
16:31 of 1st period - Erik Johnson is hit by Radek Martinek and loses puck.
16:40 of 1st period - Shot by Phil Kessel.
16:40 of 1st period - Shot Misses the Net.
16:52 of 1st period - Shot by Phil Kessel.
16:52 of 1st period - Shot Misses the Net.
17:43 of 1st period - Off-side.
17:44 of 1st period - Mikko Koivu wins face-off versus Ryan Kesler in neutral zone.
18:17 of 1st period - Michael Ryder is hit by Marco Scandella and loses puck.
18:42 of 1st period - Shot by Shawn Horcoff.
18:42 of 1st period - Shot Misses the Net.
18:44 of 1st period - Shot by Tomas Kopecky.
18:44 of 1st period - Deflect By Mikael Samuelsson.
18:44 of 1st period - Shot Blocked by Corey Perry.
18:51 of 1st period - Minor Penalty to Radek Martinek for Holding.
18:52 of 1st period - Brooks Laich wins face-off versus Shawn Horcoff in Canucks zone.
18:52 of 1st period - Brooks Laich is hit by Mikael Samuelsson.
18:59 of 1st period - Icing by Tomas Kopecky.
19:00 of 1st period - Brooks Laich wins face-off versus Shawn Horcoff in Flames zone.
19:07 of 1st period - Shot by Shawn Horcoff.
19:07 of 1st period - Goal by Shawn Horcoff - Canucks : 2 - Flames : 3.
19:08 of 1st period - Henrik Zetterberg wins face-off versus Pierre-Marc Bouchard in neutral zone.
19:13 of 1st period - Shot by Valtteri Filppula.
19:13 of 1st period - Stopped by Miikka Kiprusoff with a rebound.
19:15 of 1st period - Shot by Matt Carle.
19:15 of 1st period - Shot Blocked by Dan Boyle.
19:17 of 1st period - Shot by Matt Carle.
19:17 of 1st period - Goal by Matt Carle - Canucks : 3 - Flames : 3.
19:18 of 1st period - Ryan Kesler wins face-off versus Henrik Zetterberg in neutral zone.
19:21 of 1st period - Shot by Michael Ryder.
19:21 of 1st period - Shot Blocked by Matt Carle.

2nd period


0:01 of 2nd period - Henrik Zetterberg wins face-off versus Ryan Kesler in neutral zone.
0:26 of 2nd period - Shot by Valtteri Filppula.
0:26 of 2nd period - Shot Misses the Net.
1:04 of 2nd period - Icing by Shawn Horcoff.
1:05 of 2nd period - Brooks Laich wins face-off versus Shawn Horcoff in Flames zone.
1:30 of 2nd period - Shot by Ryan OReilly.
1:30 of 2nd period - Shot Blocked by Toni Lydman.
1:35 of 2nd period - Major / Game Misconduct Penalty to Alex Pietrangelo for Unsportsmanlike conduct.
1:35 of 2nd period - Alex Pietrangelo is ejected from game.
1:36 of 2nd period - Brooks Laich wins face-off versus Ryan Kesler in Canucks zone.
1:36 of 2nd period - Brooks Laich is hit by Dustin Brown.
1:48 of 2nd period - Shot by Michael Ryder.
1:48 of 2nd period - Shot Blocked by Erik Karlsson.
1:50 of 2nd period - Shot by Bryce Salvador.
1:50 of 2nd period - Stopped by Henrik Lundqvist without a rebound.
1:51 of 2nd period - Ryan Kesler wins face-off versus Brooks Laich in Canucks zone.
2:00 of 2nd period - Shot by Dustin Brown.
2:00 of 2nd period - Shot Misses the Net.
3:37 of 2nd period - Shot by Michael Ryder.
3:37 of 2nd period - Stopped by Henrik Lundqvist without a rebound.
3:38 of 2nd period - Shawn Horcoff wins face-off versus Brooks Laich in Canucks zone.
3:43 of 2nd period - Shot by Bryce Salvador.
3:43 of 2nd period - Shot Misses the Net.
3:45 of 2nd period - Shot by Mikael Samuelsson.
3:45 of 2nd period - Shot Hit the Post.
5:07 of 2nd period - Shot by Pierre-Marc Bouchard.
5:07 of 2nd period - Shot Blocked by Matt Carle.
5:29 of 2nd period - Icing by Erik Johnson.
5:30 of 2nd period - Pierre-Marc Bouchard wins face-off versus Brooks Laich in Flames zone.
6:23 of 2nd period - Shot by Andrew MacDonald.
6:23 of 2nd period - Stopped by Henrik Lundqvist with a rebound.
6:25 of 2nd period - Shot by Bryce Salvador.
6:25 of 2nd period - Shot Blocked by Corey Perry.
6:27 of 2nd period - Shot by Tomas Kopecky.
6:27 of 2nd period - Goal by Tomas Kopecky - Canucks : 3 - Flames : 4.
6:28 of 2nd period - Tomas Kopecky wins face-off versus Brandon Sutter in neutral zone.
6:38 of 2nd period - Icing by Kris Russell.
6:39 of 2nd period - David Jones wins face-off versus Henrik Zetterberg in Canucks zone.
6:40 of 2nd period - Shot by Pierre-Marc Bouchard.
6:40 of 2nd period - Shot Blocked by Kris Russell.
7:06 of 2nd period - Shot by Andrew MacDonald.
7:06 of 2nd period - Shot Misses the Net.
8:12 of 2nd period - Shot by Michael Ryder.
8:12 of 2nd period - Goal by Michael Ryder - Canucks : 3 - Flames : 5.
8:12 of 2nd period - Mike Murphy enters game.
8:13 of 2nd period - Shawn Horcoff wins face-off versus Brooks Laich in neutral zone.
8:28 of 2nd period - Shot by Brooks Laich.
8:28 of 2nd period - Shot Misses the Net.
8:43 of 2nd period - Shot by Tomas Kopecky.
8:43 of 2nd period - Stopped by Mike Murphy without a rebound.
8:44 of 2nd period - Ryan Kesler wins face-off versus Henrik Zetterberg in Canucks zone.
9:16 of 2nd period - Shot by Michael Ryder.
9:16 of 2nd period - Deflect By Dustin Brown.
9:16 of 2nd period - Stopped by Mike Murphy with a rebound.
10:17 of 2nd period - Double Minor Penalty to Dmitry Kulikov for Roughing.
10:18 of 2nd period - Brooks Laich wins face-off versus Ryan Kesler in Canucks zone.
10:51 of 2nd period - Kris Russell is hit by Dustin Brown and loses puck.
11:54 of 2nd period - Ryan OReilly is hit by Ryan Kesler and loses puck.
11:59 of 2nd period - Shot by Jack Johnson.
11:59 of 2nd period - Stopped by Mike Murphy with a rebound.
12:01 of 2nd period - Shot by Toni Lydman.
12:01 of 2nd period - Shot Misses the Net.
12:03 of 2nd period - Shot by Pierre-Marc Bouchard.
12:03 of 2nd period - Shot Blocked by Kris Russell.
12:27 of 2nd period - Shot by Tomas Kopecky.
12:27 of 2nd period - Shot Misses the Net.
12:29 of 2nd period - Shot by Bryce Salvador.
12:29 of 2nd period - Stopped by Mike Murphy without a rebound.
12:30 of 2nd period - Shawn Horcoff wins face-off versus Brooks Laich in Canucks zone.
12:37 of 2nd period - Shot by Bryce Salvador.
12:37 of 2nd period - Shot Blocked by Marco Scandella.
12:39 of 2nd period - Shot by Tomas Kopecky.
12:39 of 2nd period - Shot Misses the Net.
14:21 of 2nd period - Shot by Pierre-Marc Bouchard.
14:21 of 2nd period - Stopped by Mike Murphy without a rebound.
14:22 of 2nd period - Mikko Koivu wins face-off versus Pierre-Marc Bouchard in Canucks zone.
14:42 of 2nd period - Corey Perry is hit by Jakub Kindl and loses puck.
15:13 of 2nd period - Minor Penalty to Dustin Brown for Hooking.
15:14 of 2nd period - Henrik Zetterberg wins face-off versus Cody Hodgson in Flames zone.
16:02 of 2nd period - Michael Grabner is hit by Mikko Koivu and loses puck.
16:39 of 2nd period - Shot by Dmitry Kulikov.
16:39 of 2nd period - Shot Misses the Net.
17:54 of 2nd period - Icing by Erik Johnson.
17:55 of 2nd period - Mikko Koivu wins face-off versus Pierre-Marc Bouchard in Flames zone.
18:20 of 2nd period - Shot by Corey Perry.
18:20 of 2nd period - Shot Misses the Net.
18:22 of 2nd period - Shot by Mikko Koivu.
18:22 of 2nd period - Shot Misses the Net.
18:24 of 2nd period - Shot by Corey Perry.
18:24 of 2nd period - Shot Misses the Net.
18:41 of 2nd period - Icing by Erik Johnson.
18:42 of 2nd period - Henrik Zetterberg wins face-off versus Pierre-Marc Bouchard in Flames zone.
19:05 of 2nd period - Shot by Henrik Zetterberg.
19:05 of 2nd period - Goal by Henrik Zetterberg - Canucks : 4 - Flames : 5.
19:06 of 2nd period - Brooks Laich wins face-off versus Ryan Kesler in neutral zone.
19:29 of 2nd period - Shot by Brooks Laich.
19:29 of 2nd period - Shot Blocked by Bryce Salvador.
19:31 of 2nd period - Shot by Maxime Talbot.
19:31 of 2nd period - Shot Misses the Net.

3rd period


0:01 of 3rd period - Ryan Kesler wins face-off versus Loui Eriksson in neutral zone.
0:14 of 3rd period - Icing by Mikko Koivu.
0:15 of 3rd period - Shawn Horcoff wins face-off versus Mikko Koivu in Canucks zone.
0:49 of 3rd period - Shot by Marco Scandella.
0:49 of 3rd period - Stopped by Miikka Kiprusoff without a rebound.
0:50 of 3rd period - Ryan Kesler wins face-off versus Henrik Zetterberg in Flames zone.
1:11 of 3rd period - Shot by Dustin Brown.
1:11 of 3rd period - Deflect By Michael Ryder.
1:11 of 3rd period - Stopped by Mike Murphy with a rebound.
1:13 of 3rd period - Shot by Michael Ryder.
1:13 of 3rd period - Shot Misses the Net.
1:15 of 3rd period - Shot by Ryan Kesler.
1:15 of 3rd period - Shot Misses the Net.
1:52 of 3rd period - Jack Johnson is hit by Dmitry Kulikov and loses puck.
2:59 of 3rd period - Shot by Shawn Horcoff.
2:59 of 3rd period - Stopped by Mike Murphy with a rebound.
3:05 of 3rd period - Radek Martinek is hit by Tomas Kopecky.
3:24 of 3rd period - Off-side.
3:25 of 3rd period - Brandon Sutter wins face-off versus Ryan Kesler in neutral zone.
3:34 of 3rd period - Shot by Phil Kessel.
3:34 of 3rd period - Deflect By Nick Foligno.
3:34 of 3rd period - Stopped by Miikka Kiprusoff without a rebound.
3:35 of 3rd period - Henrik Zetterberg wins face-off versus Ryan Kesler in Flames zone.
3:35 of 3rd period - Henrik Zetterberg is hit by Bryce Salvador.
3:40 of 3rd period - Icing by Dan Boyle.
3:41 of 3rd period - Henrik Zetterberg wins face-off versus Ryan Kesler in Flames zone.
3:41 of 3rd period - Erik Karlsson is hit by Bryce Salvador and loses puck.
3:49 of 3rd period - Icing by Matt Carle.
3:50 of 3rd period - Henrik Zetterberg wins face-off versus Ryan Kesler in Canucks zone.
3:50 of 3rd period - Matt Carle is hit by Dustin Brown and loses puck.
3:57 of 3rd period - Shot by Dustin Brown.
3:57 of 3rd period - Stopped by Mike Murphy with a rebound.
3:59 of 3rd period - Shot by Bryce Salvador.
3:59 of 3rd period - Stopped by Mike Murphy without a rebound.
4:00 of 3rd period - Mikko Koivu wins face-off versus Ryan Kesler in Canucks zone.
5:01 of 3rd period - Mikko Koivu is hit by Dustin Brown.
5:20 of 3rd period - Icing by Jack Johnson.
5:21 of 3rd period - Brooks Laich wins face-off versus Shawn Horcoff in Flames zone.
5:44 of 3rd period - Erik Karlsson is hit by Toni Lydman and loses puck.
5:56 of 3rd period - Ryan OReilly is hit by Jack Johnson and loses puck.
6:17 of 3rd period - Minor Penalty to Dmitry Kulikov for High sticking.
6:18 of 3rd period - Brooks Laich wins face-off versus Dustin Brown in Canucks zone.
6:27 of 3rd period - Erik Karlsson is hit by Dustin Brown and loses puck.
6:34 of 3rd period - Shot by Michael Ryder.
6:34 of 3rd period - Stopped by Mike Murphy with a rebound.
6:36 of 3rd period - Shot by Bryce Salvador.
6:36 of 3rd period - Shot Misses the Net.
6:38 of 3rd period - Shot by Dustin Brown.
6:38 of 3rd period - Stopped by Mike Murphy without a rebound.
6:39 of 3rd period - Ryan Kesler wins face-off versus Brandon Sutter in Canucks zone.
7:00 of 3rd period - Shot by Dustin Brown.
7:00 of 3rd period - Stopped by Mike Murphy without a rebound.
7:01 of 3rd period - Brooks Laich wins face-off versus Shawn Horcoff in Canucks zone.
7:26 of 3rd period - Shot by Shawn Horcoff.
7:26 of 3rd period - Stopped by Mike Murphy without a rebound.
7:27 of 3rd period - Brandon Sutter wins face-off versus Ryan Kesler in Canucks zone.
7:33 of 3rd period - Icing by Bryce Salvador.
7:34 of 3rd period - Brandon Sutter wins face-off versus Ryan Kesler in Flames zone.
7:37 of 3rd period - Shot by Ryan OReilly.
7:37 of 3rd period - Shot Blocked by Bryce Salvador.
7:39 of 3rd period - Shot by Brandon Sutter.
7:39 of 3rd period - Shot Misses the Net.
7:43 of 3rd period - Shot by Ryan OReilly.
7:43 of 3rd period - Shot Blocked by Dustin Brown.
7:45 of 3rd period - Shot by Brandon Sutter.
7:45 of 3rd period - Shot Misses the Net.
7:47 of 3rd period - Shot by Ryan OReilly.
7:47 of 3rd period - Shot Misses the Net.
9:11 of 3rd period - Matt Carle is hit by Toni Lydman and loses puck.
9:33 of 3rd period - Minor Penalty to Jack Johnson for Tripping.
9:34 of 3rd period - Dustin Brown wins face-off versus Henrik Zetterberg in Flames zone.
9:34 of 3rd period - Dustin Brown is hit by Loui Eriksson.
10:56 of 3rd period - Valtteri Filppula is hit by Bryce Salvador and loses puck.
11:01 of 3rd period - Shot by Matt Carle.
11:01 of 3rd period - Stopped by Miikka Kiprusoff without a rebound.
11:02 of 3rd period - Dustin Brown wins face-off versus Mikko Koivu in Flames zone.
11:35 of 3rd period - Icing by Erik Karlsson.
11:36 of 3rd period - Shawn Horcoff wins face-off versus Maxime Talbot in Canucks zone.
11:47 of 3rd period - Shot by Shawn Horcoff.
11:47 of 3rd period - Shot Misses the Net.
13:00 of 3rd period - Minor Penalty to David Jones for Interference.
13:01 of 3rd period - Henrik Zetterberg wins face-off versus Dustin Brown in Flames zone.
13:10 of 3rd period - Shot by Phil Kessel.
13:10 of 3rd period - Shot Blocked by Dan Boyle.
13:12 of 3rd period - Shot by Erik Karlsson.
13:12 of 3rd period - Shot Misses the Net.
13:44 of 3rd period - Shot by Phil Kessel.
13:44 of 3rd period - Stopped by Miikka Kiprusoff with a rebound.
13:46 of 3rd period - Shot by Matt Carle.
13:46 of 3rd period - Stopped by Miikka Kiprusoff with a rebound.
15:11 of 3rd period - Icing by Michael Grabner.
15:12 of 3rd period - Brooks Laich wins face-off versus Pierre-Marc Bouchard in Flames zone.
15:38 of 3rd period - Shot by Pierre-Marc Bouchard.
15:38 of 3rd period - Shot Misses the Net.
16:14 of 3rd period - Shot by Mikael Samuelsson.
16:14 of 3rd period - Shot Misses the Net.
16:16 of 3rd period - Shot by Tomas Kopecky.
16:16 of 3rd period - Stopped by Mike Murphy without a rebound.
16:17 of 3rd period - Brandon Sutter wins face-off versus Ryan Kesler in Canucks zone.
16:44 of 3rd period - Shot by Ryan Kesler.
16:44 of 3rd period - Stopped by Mike Murphy with a rebound.
16:46 of 3rd period - Shot by Ryan Kesler.
16:46 of 3rd period - Deflect By Michael Ryder.
16:46 of 3rd period - Stopped by Mike Murphy without a rebound.
16:47 of 3rd period - Tomas Kopecky wins face-off versus Mikko Koivu in Canucks zone.
16:50 of 3rd period - Shot by Tomas Kopecky.
16:50 of 3rd period - Shot Blocked by Radek Martinek.
17:11 of 3rd period - Shot by Shawn Horcoff.
17:11 of 3rd period - Shot Misses the Net.
17:13 of 3rd period - Shot by Dan Boyle.
17:13 of 3rd period - Shot Misses the Net.
17:15 of 3rd period - Shot by Dan Boyle.
17:15 of 3rd period - Stopped by Mike Murphy without a rebound.
17:16 of 3rd period - Valtteri Filppula wins face-off versus Michael Ryder in Canucks zone.
18:35 of 3rd period - Shot by Corey Perry.
18:35 of 3rd period - Deflect By Mikko Koivu.
18:35 of 3rd period - Stopped by Miikka Kiprusoff without a rebound.
18:36 of 3rd period - Shawn Horcoff wins face-off versus Brooks Laich in Flames zone.
19:02 of 3rd period - Canucks, Mike Murphy is pulled from the net.
19:24 of 3rd period - Off-side.
19:25 of 3rd period - Ryan Kesler wins face-off versus Henrik Zetterberg in neutral zone.
19:30 of 3rd period - Erik Karlsson is hit by Dustin Brown and loses puck.


Output by the SimonT Hockey Simulator (STHS) for Stephane Roy -- Original Page W3C XHTML 1.0 Valid
Hockey Simulator - Hockey Simulation - Hockey Manager